ITL
HAVANA ROLLERS @ CHATTANOOGA CHINPOKOMON
06/03/2028
 
TOP OF THE 1ST
Havana Rollers batting - Pitching for Chattanooga Chinpokomon : RHP Juan Moreno
Pitching: RHP Juan Moreno
Batting: RHB Jesús Villalobos 0-0: Foul Ball, location: 2F
0-1: SINGLE (Groundball, 6MD)
Batting: RHB Francisco Rincón 0-0: Ball
1-0: SINGLE (Line Drive, 7S)
Jesús Villalobos to second
Batting: SHB Pepe Piña 0-0: Ball
1-0: Called Strike
1-1: Ball
2-1: Ball
3-1: SINGLE (Line Drive, 9S)
Jesús Villalobos to third
Francisco Rincón to second
Batting: RHB Brant Sherman 0-0: Ball
1-0: Ball
2-0: Ball
3-0: Base on Balls
Jesús Villalobos scores
Francisco Rincón to third
Pepe Piña to second
Batting: SHB Yasuhiro Ikarashi 0-0: Ball
1-0: Swinging Strike
1-1: Swinging Strike
1-2: Foul Ball, location: 2F
1-2: Strikes out swinging
Batting: RHB León Rivera 0-0: Called Strike
0-1: Ball
1-1: Ball
2-1: Grounds into double play, 6-4-3 (Groundball, 6)
Top of the 1st over - 1 run(s), 3 hit(s), 0 error(s), 2 left on base; Havana 1 - Chattanooga 0
BOTTOM OF THE 1ST
Chattanooga Chinpokomon batting - Pitching for Havana Rollers : RHP Jason Drake
Pitching: RHP Jason Drake
Batting: RHB Patrick Potts 0-0: Fly out, F4 (Line Drive, 4)
Batting: RHB Irving Galloway 0-0: Ball
1-0: Fly out, F5 (Popup, 5D)
Batting: RHB Casey Fox 0-0: Ball
1-0: Called Strike
1-1: Foul Ball, location: 2F
1-2: Ball
2-2: Ball
3-2: SINGLE (Groundball, 6MD)
Batting: RHB Jesús Tisnado 0-0: Ball
1-0: Fielders Choice at 2nd, 5-4 (Groundball, 56)
Bottom of the 1st over - 0 run(s), 1 hit(s), 0 error(s), 0 left on base; Havana 1 - Chattanooga 0
TOP OF THE 2ND
Havana Rollers batting - Pitching for Chattanooga Chinpokomon : RHP Juan Moreno
Batting: LHB Zhi-huan Loong 0-0: Called Strike
0-1: Ball
1-1: Swinging Strike
1-2: DOUBLE (Line Drive, 89D)
Batting: RHB Mitsuharu Matsumoto 0-0: SINGLE (Line Drive, 56)
Zhi-huan Loong to third
Runner from 3rd tries for Home, SAFE, no throw
Batting: LHB José Torres 0-0: Ball
1-0: Called Strike
1-1: Foul Ball, location: 2F
1-2: Ball
2-2: Strikes out swinging
Batting: RHB Jesús Villalobos 0-0: Fielders Choice at 2nd, 4-6 (Groundball, 4M)
Batting: RHB Francisco Rincón 0-0: Ball
1-0: Ball
2-0: Ball
3-0: Called Strike
3-1: Base on Balls
Jesús Villalobos to second
Batting: SHB Pepe Piña 0-0: Swinging Strike
0-1: Called Strike
0-2: Ground out 1-3 (Groundball, 13S)
Top of the 2nd over - 1 run(s), 2 hit(s), 0 error(s), 2 left on base; Havana 2 - Chattanooga 0
BOTTOM OF THE 2ND
Chattanooga Chinpokomon batting - Pitching for Havana Rollers : RHP Jason Drake
Batting: RHB Armando Cuevas 0-0: Fly out, F6 (Line Drive, 6M)
Batting: RHB Juan Pérez 0-0: Called Strike
0-1: Ball
1-1: Ball
2-1: Foul Ball, location: 2F
2-2: Fly out, F4 (Line Drive, 4)
Batting: RHB Jesús Ramírez 0-0: Ball
1-0: Ball
2-0: Foul Ball, location: 2F
2-1: Called Strike
2-2: Foul Ball, location: 2F
2-2: Ball
3-2: Foul Ball, location: 2F
3-2: Base on Balls
Batting: RHB Luis Antonio Velásquez 0-0: Called Strike
0-1: Ball
1-1: SINGLE (Line Drive, 4)
Jesús Ramírez to second
Runner from 2nd tries for 3rd, SAFE, throw made to third
Batting: RHB Jim Beck 0-0: Swinging Strike
0-1: Called Strike
0-2: Foul Ball, location: 2F
0-2: Ball
1-2: Ball
2-2: Ball
3-2: Ground out 6-3 (Groundball, 6)
Bottom of the 2nd over - 0 run(s), 1 hit(s), 0 error(s), 2 left on base; Havana 2 - Chattanooga 0
TOP OF THE 3RD
Havana Rollers batting - Pitching for Chattanooga Chinpokomon : RHP Juan Moreno
Batting: RHB Brant Sherman 0-0: Called Strike
0-1: Ball
1-1: Ball
2-1: Ball
3-1: Foul Ball, location: 2F
3-2: DOUBLE (Line Drive, 8RD)
Batting: SHB Yasuhiro Ikarashi 0-0: Ball
1-0: Fly out, F9 (Flyball, 89M)
Batting: RHB León Rivera 0-0: Ball
1-0: TRIPLE (Line Drive, 89M)
Brant Sherman scores
Pinch Runner at 3rd Jimmy Husted:
Batting: LHB Zhi-huan Loong 0-0: Ball
1-0: Ball
2-0: Ball
3-0: Base on Balls
Batting: RHB Mitsuharu Matsumoto 0-0: Ball
1-0: Called Strike
1-1: Foul Ball, location: 2F
1-2: Strikes out swinging
Batting: LHB José Torres 0-0: Ball
1-0: Ball
2-0: Ball
3-0: Base on Balls
Zhi-huan Loong to second
Batting: RHB Jesús Villalobos 0-0: Foul Ball, location: 2F
0-1: Ball
1-1: SINGLE (Line Drive, 6MD)
Jimmy Husted scores
Zhi-huan Loong to third
José Torres to second
Runner from 3rd tries for Home, SAFE, throw made home
José Torres to third
Jesús Villalobos to second
Batting: RHB Francisco Rincón 0-0: Foul Ball, location: 2F
0-1: Called Strike
0-2: Ball
1-2: Ball
2-2: SINGLE (Groundball, 6MD)
José Torres scores
Jesús Villalobos to third
Runner from 3rd tries for Home, SAFE, no throw
Pitching: LHP Israel Polanco
Batting: SHB Pepe Piña 0-0: Called Strike
0-1: Ball
1-1: Ball
2-1: Ball
3-1: Foul Ball, location: 2F
3-2: SINGLE (Line Drive, 8LS)
Francisco Rincón to second
Francisco Rincón to third
Batting: RHB Brant Sherman 0-0: Single, Error in OF, E7, batter to second base
Francisco Rincón scores
Pepe Piña to third
Batting: SHB Yasuhiro Ikarashi 0-0: Ball
1-0: Called Strike
1-1: Called Strike
1-2: Ball
2-2: Foul Ball, location: 2F
2-2: Ball
3-2: Foul Ball, location: 2F
3-2: Base on Balls
Batting: LHB Jimmy Husted 0-0: Called Strike
0-1: Ball
1-1: Ball
2-1: Ball
3-1: Base on Balls
Pepe Piña scores
Brant Sherman to third
Yasuhiro Ikarashi to second
Batting: LHB Zhi-huan Loong 0-0: Ball
1-0: Ground out 4-3 (Groundball, 4MD)
Top of the 3rd over - 7 run(s), 6 hit(s), 1 error(s), 3 left on base; Havana 9 - Chattanooga 0
BOTTOM OF THE 3RD
Chattanooga Chinpokomon batting - Pitching for Havana Rollers : RHP Jason Drake
Now in RF: Jimmy Husted
Batting: RHB Patrick Potts 0-0: Swinging Strike
0-1: Ball
1-1: Ball
2-1: Foul Ball, location: 2F
2-2: Strikes out looking
Batting: RHB Irving Galloway 0-0: Ball
1-0: Ground out 4-3 (Groundball, 34D)
Batting: RHB Casey Fox 0-0: Fly out, F7 (Flyball, 7)
Bottom of the 3rd over - 0 run(s), 0 hit(s), 0 error(s), 0 left on base; Havana 9 - Chattanooga 0
TOP OF THE 4TH
Havana Rollers batting - Pitching for Chattanooga Chinpokomon : LHP Israel Polanco
Batting: RHB Mitsuharu Matsumoto 0-0: Called Strike
0-1: Called Strike
0-2: Ball
1-2: SINGLE (Line Drive, 7)
Batting: LHB José Torres 0-0: Ball
1-0: Called Strike
1-1: Ball
2-1: Foul Ball, location: 2F
2-2: Grounds into double play, 4-6-3 (Groundball, 4)
Batting: RHB Jesús Villalobos 0-0: Ball
1-0: Ball
2-0: Called Strike
2-1: Foul Ball, location: 2F
2-2: Foul Ball, location: 2F
2-2: Ground out 6-3 (Groundball, 6)
Top of the 4th over - 0 run(s), 1 hit(s), 0 error(s), 0 left on base; Havana 9 - Chattanooga 0
BOTTOM OF THE 4TH
Chattanooga Chinpokomon batting - Pitching for Havana Rollers : RHP Jason Drake
Batting: RHB Jesús Tisnado 0-0: DOUBLE (Line Drive, 78XD)
Batting: RHB Armando Cuevas 0-0: Ball
1-0: Fly out, F7 (Line Drive, 7)
Batting: RHB Juan Pérez 0-0: Ball
1-0: Ball
2-0: Ground out 5-3 (Groundball, 56)
Batting: RHB Jesús Ramírez 0-0: Ball
1-0: Ball
2-0: Ground out 6-3 (Groundball, 6)
Bottom of the 4th over - 0 run(s), 1 hit(s), 0 error(s), 1 left on base; Havana 9 - Chattanooga 0
TOP OF THE 5TH
Havana Rollers batting - Pitching for Chattanooga Chinpokomon : LHP Israel Polanco
Batting: RHB Francisco Rincón 0-0: Swinging Strike
0-1: Foul Ball, location: 2F
0-2: Ball
1-2: Foul Ball, location: 2F
1-2: Strikes out looking
Batting: SHB Pepe Piña 0-0: Ball
1-0: Swinging Strike
1-1: Swinging Strike
1-2: Ball
2-2: DOUBLE (Line Drive, 78XD)
Batting: RHB Brant Sherman 0-0: Called Strike
0-1: Foul Ball, location: 2F
0-2: SINGLE (Popup, 5D)
Pepe Piña to third
Runner from 3rd tries for Home, SAFE, throw made home
Brant Sherman to second
Batting: SHB Yasuhiro Ikarashi 0-0: Ball
1-0: Called Strike
1-1: Called Strike
1-2: Foul Ball, location: 2F
1-2: DOUBLE (Flyball, 78XD)
Brant Sherman scores
Pitching: LHP José Chávez
Batting: LHB Jimmy Husted 0-0: Ball
1-0: Ball
2-0: Foul Ball, location: 2F
2-1: Called Strike
2-2: Foul Ball, location: 2F
2-2: Ball
3-2: Fly out, F7 (Flyball, 7LS)
Batting: LHB Zhi-huan Loong 0-0: Ball
1-0: Foul Ball, location: 2F
1-1: Swinging Strike
1-2: Foul Ball, location: 2F
1-2: Foul Ball, location: 2F
1-2: Foul Ball, location: 2F
1-2: Strikes out looking
Top of the 5th over - 2 run(s), 3 hit(s), 0 error(s), 1 left on base; Havana 11 - Chattanooga 0
BOTTOM OF THE 5TH
Chattanooga Chinpokomon batting - Pitching for Havana Rollers : RHP Jason Drake
Batting: RHB Luis Antonio Velásquez 0-0: Called Strike
0-1: Ground out 6-3 (Groundball, 6)
Batting: RHB Jim Beck 0-0: SINGLE (Flyball, 8LS)
Batting: RHB Patrick Potts 0-0: Ball
1-0: Foul Ball, location: 2F
1-1: Ball
2-1: Foul Ball, location: 2F
2-2: Foul Ball, location: 2F
2-2: Grounds into double play, 1-6-3 (Groundball, P)
Bottom of the 5th over - 0 run(s), 1 hit(s), 0 error(s), 0 left on base; Havana 11 - Chattanooga 0
TOP OF THE 6TH
Havana Rollers batting - Pitching for Chattanooga Chinpokomon : LHP José Chávez
Batting: RHB Mitsuharu Matsumoto 0-0: Ball
1-0: Fly out, F8 (Flyball, 8RM)
Batting: LHB José Torres 0-0: Ball
1-0: Ball
2-0: Ball
3-0: Called Strike
3-1: Foul Ball, location: 2F
3-2: Strikes out swinging
Batting: RHB Jesús Villalobos 0-0: Ball
1-0: Ball
2-0: Ball
3-0: Base on Balls
Batting: RHB Francisco Rincón 0-0: SINGLE (Line Drive, 9LM)
Jesús Villalobos to second
Runner from 2nd tries for 3rd, SAFE, no throw
Batting: SHB Pepe Piña 0-0: Called Strike
0-1: Called Strike
0-2: Ball
1-2: Foul Ball, location: 2F
1-2: Foul Ball, location: 2F
1-2: Foul Ball, location: 2F
1-2: Ball
2-2: Foul Ball, location: 2F
2-2: Ball
3-2: Foul Ball, location: 2F
3-2: Foul Ball, location: 2F
3-2: Base on Balls
Francisco Rincón to second
Batting: RHB Brant Sherman 0-0: Ground out 1-3 (Groundball, 15S)
Top of the 6th over - 0 run(s), 1 hit(s), 0 error(s), 3 left on base; Havana 11 - Chattanooga 0
BOTTOM OF THE 6TH
Chattanooga Chinpokomon batting - Pitching for Havana Rollers : RHP Jason Drake
Batting: RHB Irving Galloway 0-0: Called Strike
0-1: Fly out, F8 (Flyball, 8LD)
Batting: RHB Casey Fox 0-0: Called Strike
0-1: Ball
1-1: Ball
2-1: Foul Ball, location: 2F
2-2: SOLO HOME RUN (Flyball, 7D), Distance : 384 ft
Batting: RHB Jesús Tisnado 0-0: Ball
1-0: Ball
2-0: Ball
3-0: Base on Balls
Batting: RHB Armando Cuevas 0-0: Ball
1-0: Ball
2-0: Fly out, F6 (Popup, 6D)
Batting: RHB Juan Pérez 0-0: SINGLE (Line Drive, 6M)
Jesús Tisnado to second
Batting: RHB Jesús Ramírez 0-0: SINGLE (Groundball, 6MD)
Jesús Tisnado to third
Juan Pérez to second
Runner from 3rd tries for Home, SAFE, no throw
Batting: RHB Luis Antonio Velásquez 0-0: Called Strike
0-1: Ball
1-1: Ground out 6-3 (Groundball, 56D)
Bottom of the 6th over - 2 run(s), 3 hit(s), 0 error(s), 2 left on base; Havana 11 - Chattanooga 2
TOP OF THE 7TH
Havana Rollers batting - Pitching for Chattanooga Chinpokomon : LHP José Chávez
Batting: SHB Yasuhiro Ikarashi 0-0: Ball
1-0: Swinging Strike
1-1: Ball
2-1: Ground out 6-3 (Groundball, 6)
Batting: LHB Jimmy Husted 0-0: Ball
1-0: Foul Ball, location: 2F
1-1: Ball
2-1: Ball
3-1: Base on Balls
Batting: LHB Zhi-huan Loong 0-0: SINGLE (Line Drive, 34D)
Jimmy Husted to second
Batting: RHB Mitsuharu Matsumoto 0-0: Called Strike
0-1: Ball
1-1: Foul Ball, location: 2F
1-2: Fly out, F9 (Line Drive, 9)
Batting: LHB José Torres 0-0: Ball
1-0: Ground out 4-3 (Groundball, 34)
Top of the 7th over - 0 run(s), 1 hit(s), 0 error(s), 2 left on base; Havana 11 - Chattanooga 2
BOTTOM OF THE 7TH
Chattanooga Chinpokomon batting - Pitching for Havana Rollers : RHP Jason Drake
Batting: RHB Jim Beck 0-0: SINGLE (Groundball, 6) (infield hit)
Batting: RHB Patrick Potts 0-0: Ball
1-0: Foul Ball, location: 2F
1-1: Swinging Strike
1-2: Ball
2-2: Foul Ball, location: 2F
2-2: Strikes out swinging
Batting: RHB Irving Galloway 0-0: Ball
Wild Pitch!
Jim Beck to second
1-0: Ball
2-0: Called Strike
2-1: Foul Ball, location: 2F
2-2: Ground out 6-3 (Groundball, 6)
Batting: RHB Casey Fox 0-0: Ball
1-0: Fly out, F9 (Flyball, 89S)
Bottom of the 7th over - 0 run(s), 1 hit(s), 0 error(s), 1 left on base; Havana 11 - Chattanooga 2
TOP OF THE 8TH
Havana Rollers batting - Pitching for Chattanooga Chinpokomon : LHP José Chávez
Pitching: LHP Henry Barton
Batting: RHB Jesús Villalobos 0-0: Ball
1-0: Swinging Strike
1-1: Swinging Strike
1-2: Ground out 4-3 (Groundball, 4)
Batting: RHB Francisco Rincón 0-0: Foul Ball, location: 2F
0-1: Foul Ball, location: 2F
0-2: Ball
1-2: Ball
2-2: Foul Ball, location: 2F
2-2: Ground out 4-3 (Groundball, 4D)
Batting: SHB Pepe Piña 0-0: Ball
1-0: Ball
2-0: Called Strike
2-1: Called Strike
2-2: Ground out 6-3 (Groundball, 6)
Top of the 8th over - 0 run(s), 0 hit(s), 0 error(s), 0 left on base; Havana 11 - Chattanooga 2
BOTTOM OF THE 8TH
Chattanooga Chinpokomon batting - Pitching for Havana Rollers : RHP Jason Drake
Pitching: RHP Valentín Luna
Batting: RHB Jesús Tisnado 0-0: Ball
1-0: Ground out U3 (Groundball, 3S)
Batting: RHB Armando Cuevas 0-0: DOUBLE (Line Drive, 7LD)
Pinch Hitting: LHB George Wood 0-0: Ball
1-0: Foul Ball, location: 2F
1-1: Ball
2-1: Ball
3-1: Foul Ball, location: 2F
3-2: Foul Ball, location: 2F
3-2: Ground out U3 (Groundball, 34)
Armando Cuevas to third
Batting: RHB Jesús Ramírez 0-0: Called Strike
0-1: Ball
1-1: Foul Ball, location: 2F
1-2: Strikes out looking
Bottom of the 8th over - 0 run(s), 1 hit(s), 0 error(s), 1 left on base; Havana 11 - Chattanooga 2
TOP OF THE 9TH
Havana Rollers batting - Pitching for Chattanooga Chinpokomon : LHP Henry Barton
Now at 3B: Pablo Morán
Batting: RHB Brant Sherman 0-0: Swinging Strike
0-1: Ball
1-1: Ball
2-1: Ground out 4-3 (Groundball, 4)
Batting: SHB Yasuhiro Ikarashi 0-0: Called Strike
0-1: Foul Ball, location: 2F
0-2: Foul Ball, location: 2F
0-2: Ball
1-2: Fly out, F9 (Flyball, 89D)
Batting: LHB Jimmy Husted 0-0: Fly out, F8 (Flyball, 8LM)
Top of the 9th over - 0 run(s), 0 hit(s), 0 error(s), 0 left on base; Havana 11 - Chattanooga 2
BOTTOM OF THE 9TH
Chattanooga Chinpokomon batting - Pitching for Havana Rollers : RHP Valentín Luna
Now at SS: Chad Case
Batting: RHB Luis Antonio Velásquez 0-0: Ball
1-0: Called Strike
1-1: Ball
2-1: Fly out, F8 (Flyball, 8RM)
Batting: RHB Jim Beck 0-0: Called Strike
0-1: Called Strike
0-2: SINGLE (Line Drive, 6M)
Pinch Hitting: RHB Cristo García 0-0: SINGLE (Groundball, 56D)
Jim Beck to second
Batting: RHB Irving Galloway 0-0: Ball
Wild Pitch!
Jim Beck to third
Cristo García to second
1-0: Ball
2-0: Ball
3-0: Base on Balls
Pinch Hitting: SHB Roberto Rivera 0-0: SINGLE (Line Drive, 56)
Jim Beck scores
Cristo García to third
Irving Galloway to second
Batting: RHB Jesús Tisnado 0-0: Called Strike
0-1: Ball
1-1: Foul Ball, location: 2F
1-2: Grounds into double play, 6-4-3 (Groundball, 6)
Bottom of the 9th over - 1 run(s), 3 hit(s), 0 error(s), 2 left on base; Havana 11 - Chattanooga 3
Tuesday, August 8th, 2017 - OOTP Baseball 17.12 Build 75